 Dungeon Crawl Stone Soup version 0.23-a0-558-g30802b1 (webtiles) character file.

65 zishaf the Chucker (level 3, -1/35 HPs)
             Began as a Troll Hunter on Dec 13, 2018.
             Slain by a sky beast (6 damage)
             ... on level 3 of the Dungeon.
             The game lasted 00:04:41 (1508 turns).

zishaf the Chucker (Troll Hunter)                   Turns: 1508, Time: 00:04:42

Health: -1/35      AC:  8    Str: 20    XL:     3   Next: 94%
Magic:  2/2        EV: 10    Int:  7    God:
Gold:   102        SH:  0    Dex: 11    Spells: 2/2 levels left

rFire    . . .     SeeInvis .   (no weapon)
rCold    . . .     Gourm    +   (no shield)
rNeg     . . .     Faith    .   b - +0 robe
rPois    .         Spirit   .   (helmet restricted)
rElec    .         Reflect  .   (no cloak)
rCorr    .         Harm     .   (gloves unavailable)
MR       .....                  (boots unavailable)
Stlth    +.........             (no amulet)
HPRegen  0.51/turn              n - +3 ring of protection
MPRegen  0.08/turn              (no ring)

@: no status effects
A: large, unfitting armour, claws 3, fast metabolism 3, gourmand, regeneration
1, shaggy fur 1, tough skin 2
a: no special abilities


You were on level 3 of the Dungeon.
You were full.

You visited 1 branch of the dungeon, and saw 3 of its levels.

You collected 102 gold pieces.

Inventory:

Missiles
 c - 5 large rocks
 d - 2 throwing nets
 k - 80 stones (quivered)
 t - 13 poisoned needles
Armour
 b - a +0 robe (worn)
Jewellery
 n - a +3 ring of protection (left claw)
Scrolls
 a - a scroll of random uselessness {unknown}
 e - 7 scrolls of identify {unknown}
 g - 2 scrolls of amnesia {unknown}
 h - a scroll of enchant weapon {unknown}
 i - a scroll of fear {unknown}
 l - 2 scrolls of remove curse {unknown}
 p - 2 scrolls of teleportation {unknown}
 q - a scroll of enchant armour {unknown}
Potions
 j - a potion of magic {unknown}
 m - a potion of brilliance {unknown}
 o - 2 potions of curing {unknown}
 r - a potion of invisibility {unknown}
Comestibles
 f - 8 rations
 s - 2 chunks of flesh


   Skills:
 + Level 2.2 Fighting
 * Level 4.4 Throwing
 + Level 2.1 Dodging
 - Level 0.3 Stealth


You had 2 spell levels left.
You didn't know any spells.
Your spell library was empty.

Dungeon Overview and Level Annotations

Branches:
Dungeon (3/15)

Altars:


Innate Abilities, Weirdness & Mutations

You are too large for most types of armour.
You have claws for hands.
Your metabolism is lightning-fast.
You like to eat raw meat.
Your natural rate of healing is unusually fast.
You are covered in fur. (AC +1)
You have very tough skin. (AC +2)


Message History

You barely miss the sky beast.
The sky beast is lightly wounded.
The sky beast hits you but does no damage.
You scratch the sky beast but do no damage.
The sky beast is lightly wounded.
The sky beast closely misses you.
You miss the sky beast.
The sky beast is lightly wounded.
The sky beast flickers out of sight!
Deactivating autopickup; reactivate with Ctrl-A.
Something hits you but does no damage.
You miss something. Something hits you. Something shocks you.
You closely miss something. Something hits you but does no damage.
You scratch something. Something hits you. Something shocks you.
* * * LOW HITPOINT WARNING * * *
You closely miss something. Something hits you but does no damage.
You scratch something. Something hits you.
* * * LOW HITPOINT WARNING * * *
Something shocks you.
You die...

## .) #.# #.####
#######.#.. ......
#.{@....... ..##..
#$#####.##########..
#...................
#Y.####.#########... #
#............####...
#{#.##ยง.................
#.....#####.####.####...
......#.# #.# #... #...
..... #.# #.# ####.#...


There were no monsters in sight!

Vanquished Creatures
  2 adders (D:2)
  A worm (D:2)
  A dart slug (D:1)
  A leopard gecko (D:1)
  4 bats
  2 giant cockroaches
  7 goblins
  5 hobgoblins
  4 jackals (D:1)
  2 frilled lizards
  5 kobolds
  5 rats
39 creatures vanquished.

Notes
Turn   | Place    | Note
-------+----------+-------------------------------------------
     0 | D:1      | zishaf the Troll Hunter began the quest for the Orb.
     0 | D:1      | Reached XP level 1. HP: 19/19 MP: 0/0
   130 | D:1      | Reached XP level 2. HP: 27/28 MP: 1/1
   296 | D:1      | Reached skill level 4 in Throwing
   629 | D:2      | Reached XP level 3. HP: 32/35 MP: 2/2
  1474 | D:3      | Noticed a sky beast
  1508 | D:3      | Slain by a sky beast

Vault maps used:
D:1:      elethiomel_arrival_shortcut, lemuel_old_faithful
D:3:      lemuel_coloured_pillars_altar, gup_sewer_entry_bubbles, uniq_sigmund,
          uniq_terence

Skill      XL: |  1  2 |
---------------+-------+-----
Throwing       | 4 |  4.4
Fighting       | 2 |  2.2
Dodging        | 2 |  2.1
Stealth        | |  0.3

Action                   || total
-------------------------++-------
Melee: Unarmed           ||   153
Throw: Stone             ||    10
 Stab: Sleeping          ||     1
  Eat: Chunk             ||    16
Armor: Robe              ||    77
Dodge: Dodged            ||    50

Table legend:
 A = Non-vault XP
 B = Vault XP
 C = Vault XP percentage of total XP
 D = Non-vault monster count
 E = Vault monster count
 F = Vault count percentage of total count
                 A         B        C        D         E       F
            +---------+---------+-------+---------+---------+-------
      Total |      94 |       0 |   0.0 |      39 |       0 |   0.0
            +---------+---------+-------+---------+---------+-------
        D:1 |      38 |       0 |   0.0 |      20 |       0 |   0.0
        D:2 |      44 |       0 |   0.0 |      11 |       0 |   0.0
        D:3 |      12 |       0 |   0.0 |       8 |       0 |   0.0
            +---------+---------+-------+---------+---------+-------
